Construct Section Command Post
Selects Heavy Armor Battlegroup
Construct Field Infirmary
Selects Rigorous Vehicle Training
Selects Light Vehicle Withdraw and Refit
Construct Platoon Command Post
Selects Designate Targets
6-pounder Anti-tank Gun Team
6-pounder Anti-tank Gun Team
Construct Company Command Post
Selects Forward Repair Assembly
Unlock M3 Stuart Light Tanks
Unlock Bishop Self-propelled Artillery
6-pounder Anti-tank Gun Team
Selects Churchill Black Prince Heavy Tank
Churchill Black Prince Heavy Tank